 Dungeon Crawl Stone Soup version 0.29.1 (webtiles) character file.

Game seed: 18344967448754849381

674 raincastle the Chopper (level 7, -6/59 (62) HPs)
             Began as a Minotaur Berserker on Sept 13, 2022.
             Was a Believer of Trog.
             Shot with an arrow by a centaur (10 damage)
             ... on level 5 of the Dungeon.
             The game lasted 00:43:39 (5134 turns).

raincastle the Chopper (Minotaur Berserker)         Turns: 5134, Time: 00:43:43

HP:   -6/59 (62)    AC: 14    Str: 24    XL:     7   Next: 33%
MP:   6/6           EV:  9    Int:  4    God:    Trog [**....]
Gold: 157           SH:  0    Dex:  9    Spells: 6/6 levels left

rFire   . . .      SeeInvis .   u - +0 battleaxe
rCold   . . .      Faith    .   (shield currently unavailable)
rNeg    . . .      Spirit   .   e - +3 chain mail
rPois   +          Reflect  .   (helmet restricted)
rElec   .          Harm     .   (no cloak)
rCorr   .          Rampage  .   l - +0 pair of gloves
Will    .....                   (no boots)
Stlth   ..........              (no amulet)
HPRegen 0.19/turn               n - ring of poison resistance
MPRegen 0.10/turn               (no ring)

@: lightly drained
A: horns 2, retaliatory headbutt
a: Renounce Religion, Berserk, Trog's Hand


You were on level 5 of the Dungeon.
You worshipped Trog.
Trog was pleased with you.
You visited 1 branch of the dungeon, and saw 5 of its levels.

You collected 235 gold pieces.
You spent 78 gold pieces at shops.

Inventory:

Hand Weapons
 a - a +0 hand axe
 u - a +0 battleaxe (weapon)
Missiles
 b - a throwing net (quivered)
 k - 44 stones
Armour
 e - a +3 chain mail (worn)
 l - a +0 pair of gloves (worn)
Jewellery
 n - a ring of poison resistance (left hand)
 t - a ring of see invisible
Scrolls
 c - a scroll of identify {unknown}
 f - a scroll of amnesia
 i - a scroll of teleportation
 j - a scroll of immolation
 v - 2 scrolls of blinking
Potions
 d - a potion of mutation {unknown}
 h - 2 potions of invisibility {unknown}
 m - 2 potions of ambrosia {unknown}
 o - 2 potions of heal wounds {unknown}
 p - a potion of berserk rage {unknown}
 q - a potion of attraction {unknown}
 r - a potion of curing {unknown}
 s - a potion of flight {unknown}
 w - a potion of might {unknown}


   Skills:
 + Level 5.7 Fighting
 + Level 7.6 Axes
 + Level 0.1 Throwing
 + Level 5.0 Armour
 + Level 3.0 Dodging
 + Level 0.9 Stealth


You had 6 spell levels left.
You didn't know any spells.
Your spell library contained the following spells:

 Spells                   Type           Power      Damage    Failure   Level
 Magic Dart               Conj           0%         1d3       98%         1
 Searing Ray              Conj           0%         2d4       99%         2
 Ozocubu's Armour         Ice            0%         N/A       100%        3
 Cause Fear               Hex            0%         N/A       100%        4
 Fulminant Prism          Conj/Hex       0%         3d6       100%        4
 Dragon Form              Tmut           0%         N/A       100%        7
 Ozocubu's Refrigeration  Ice            0%         4d7       100%        7
 Dragon's Call            Summ           0%         N/A       100%        9


Dungeon Overview and Level Annotations

Branches:
Dungeon (5/15)
 Temple: D:4-7

Altars:
Cheibriados
Elyvilon
Ru
Yredelemnul

Shops:
D:3 ((:

Annotations:
D:3 3 runed translucent doors, fleet's ghost, amateur TeAE


Innate Abilities, Weirdness & Mutations

You have a pair of horns on your head.
You reflexively headbutt those who attack you in melee.


Message History

The wight is moderately damaged.
You barely miss the wight. The wight hits you with a +0 war axe.
The wight hits you but does no damage. The wight hits you with a +0 war axe.
The wight hits you but does no damage.
You hit the wight.
The wight is severely damaged.
You barely miss the wight. The wight hits you with a +0 war axe.
* * * LOW HITPOINT WARNING * * *
You feel drained. The wight hits you but does no damage.
You slash the wight!
You destroy the wight!
Trog accepts your kill.
You barely miss the wight.
The wight hits you with a +2 short sword.
* * * LOW HITPOINT WARNING * * *
You feel drained.
Your Armour skill increases to level 5!
As you read the scroll of teleportation, it crumbles to dust.
You feel strangely unstable. The orc hits you but does no damage.
The wight hits you with a +2 short sword.
* * * LOW HITPOINT WARNING * * *
You feel drained.
* * * LOW HITPOINT WARNING * * *
The orc hits you but does no damage.
The wight hits you with a +2 short sword.
* * * LOW HITPOINT WARNING * * *
The orc hits you but does no damage. The wight barely misses you.
You slice the orc!!
You kill the orc!
Trog accepts your kill.
You hit the wight.
Your surroundings suddenly seem different.
A centaur comes into view.
Found a barding.
The centaur shouts!
The centaur wields a +0 shortbow.
The centaur shoots an arrow.
The arrow hits you.
* * * LOW HITPOINT WARNING * * *
The centaur shoots an arrow.
The arrow hits you!
You die...

###
...
#.#
#.#
#@#
#.#
#.#
c..
#..
####


You could see a centaur.

Vanquished Creatures
  Grinder (D:4)
  A black bear (D:4)
  A scorpion (D:4)
  A wight (D:5)
  A hound (D:5)
  2 orc priests
  An iguana (D:5)
  4 gnolls (D:2)
  3 adders
  2 worms (D:3)
  3 dart slugs
  11 orcs
  13 endoplasms
  4 giant cockroaches
  2 goblins
  9 hobgoblins
  7 kobolds
  A quokka (D:2)
  9 ball pythons
  4 bats
  A frilled lizard (D:1)
  8 rats
89 creatures vanquished.

Notes
Turn   | Place    | Note
-------+----------+-------------------------------------------
     0 | D:1      | raincastle the Minotaur Berserker began the quest for the
                  | Orb.
     0 | D:1      | Reached XP level 1. HP: 19/19 MP: 0/0
   166 | D:1      | Reached skill level 4 in Axes
   180 | D:1      | Reached XP level 2. HP: 25/27 MP: 1/1
   941 | D:1      | Found a faded altar of an unknown god.
  1381 | D:1      | You fall into a shaft and drop 1 floor!
  1549 | D:2      | Reached XP level 3. HP: 33/33 MP: 2/2
  1839 | D:2      | Reached XP level 4. HP: 37/41 MP: 3/3
  2252 | D:3      | Reached ** piety under Trog
  2266 | D:3      | Reached skill level 5 in Axes
  2369 | D:3      | Found Badelum's Weapon Boutique.
  2375 | D:3      | Bought a +0 battleaxe for 78 gold pieces
  2390 | D:3      | Found a runed translucent gate.
  2390 | D:3      | Found a runed translucent gate.
  2390 | D:3      | Found a runed translucent gate.
  2559 | D:3      | Found Giro's Weapon Emporium.
  2600 | D:3      | Found Cyiw's Book Shoppe.
  2869 | D:3      | Noticed fleet's ghost (amateur TeAE)
  2985 | D:3      | Reached XP level 5. HP: 33/47 MP: 4/4
  3262 | D:4      | Noticed Grinder
  3277 | D:4      | Reached skill level 5 in Fighting
  3283 | D:4      | Paralysed by Grinder for 3 turns
  3304 | D:4      | Paralysed by Grinder for 2 turns
  3510 | D:4      | Paralysed by Grinder for 3 turns
  3522 | D:4      | Paralysed by Grinder for 5 turns
  3528 | D:4      | Killed Grinder
  3529 | D:4      | Reached skill level 6 in Axes
  3529 | D:4      | Reached XP level 6. HP: 31/56 MP: 5/5
  3794 | D:4      | Reached skill level 7 in Axes
  4052 | D:4      | Reached XP level 7. HP: 61/61 MP: 6/6
  4059 | D:4      | Found a white marble altar of Elyvilon.
  4259 | D:4      | Found a basalt altar of Yredelemnul.
  4259 | D:4      | Found a sacrificial altar of Ru.
  4693 | D:5      | Entered Level 5 of the Dungeon
  4995 | D:5      | Found a snail-covered altar of Cheibriados.
  5131 | D:5      | Reached skill level 5 in Armour
  5134 | D:5      | Shot with an arrow by a centaur

Illustrated notes

Levels and vault maps discovered:
D:1:      ncdulo_lavacross, layout_basic,
          hellmonk_ecumenical_altar_leap_of_faith
D:2:      layout_basic, minmay_heptomino_o4
D:3:      layout_basic, gammafunk_ghost_icy, serial_shops,
          nicolae_shop_temple_entry_statues_fountains, nicolae_diamond_shop,
          shop_statue, minmay_fractal_squares_diagonal_5
D:4:      layout_basic, lemuel_crystal_altar, amethyst_overflow_temple_binary,
          st_stairs_12, hangedman_decor_lopped, uniq_grinder
D:5:      layout_loops_ring, nzn_hepliaklqana_mist_gate, kennysheep_slug_shrine

Skill      XL: |  1  2  3  4  5  6  7 |
---------------+----------------------+-----
Axes           | 4 5 6 7 |  7.6
Fighting       | 4 5 |  5.7
Armour         | 3 4 5 |  5.0
Dodging        | 3 |  3.0
Throwing       | |  0.1
Stealth        | |  0.9

Action                   |  1- 3 |  4- 6 |  7- 9 || total
-------------------------+-------+-------+-------++-------
Melee: Hand axe          |    70 |    38 |       ||   108
       Headbutt          |     9 |    20 |     7 ||    36
       Battleaxe         |       |    72 |    43 ||   115
Throw: Stone             |     2 |       |       ||     2
  Use: Scroll            |       |       |     9 ||     9
Armor: Animal skin       |    11 |       |       ||    11
       Chain mail        |    17 |    63 |    20 ||   100
Dodge: Dodged            |    24 |    42 |    10 ||    76
Block: Buckler           |     6 |       |       ||     6
